 Dungeon Crawl Stone Soup version 0.26.1-11-gd32895ea62 (webtiles) character file.

Game seed: 11090589934867601464

1446 Tirrikindir the Cudgeller (level 8, -8/46 HPs)
             Began as an Octopode Fighter on Apr 28, 2021.
             Was an Initiate of Gozag.
             Mangled by an orc warrior
             ... wielding a +0 hand axe
              (20 damage)
             ... on level 7 of the Dungeon.
             The game lasted 00:18:16 (8976 turns).

Tirrikindir the Cudgeller (Octopode Fighter)        Turns: 8976, Time: 00:18:16

Health: -8/46      AC:  1    Str: 23    XL:     8   Next: 75%
Magic:  5/8        EV: 13    Int: 10    God:    Gozag
Gold:   412        SH: 10    Dex: 12    Spells: 7/7 levels left

rFire    . . .     SeeInvis +   a - +1 flail
rCold    . . .     Faith    .   b - +0 kite shield
rNeg     . . .     Spirit   .   (helmet restricted)
rPois    +         Reflect  .   (no amulet)
rElec    .         Harm     .   j - ring of see invisible
rCorr    .         Rampage  .   k - ring of poison resistance
Will     .....                  o - ring of flight
Stlth    ++++......             f - +6 ring of strength
HPRegen  0.15/turn              (no ring)
MPRegen  0.11/turn              (no ring)
                                (no ring)
                                (no ring)

@: gold aura
A: almost no armour, stealthy swim, amphibious, 8 rings, constrict 8, camouflage
1, frail 1, gelatinous body 1, MP-powered wands
a: Renounce Religion, Evoke Flight, Potion Petition, Call Merchant, Bribe Branch


You were on level 7 of the Dungeon.
You worshipped Gozag.
Gozag was aware of your devotion.
You visited 2 branches of the dungeon, and saw 8 of its levels.
You also visited: Sewer.

You collected 470 gold pieces.
You paid 58 gold pieces to Gozag.

Inventory:

Hand Weapons
 a - a +1 flail (weapon)
Missiles
 e - 8 boomerangs (quivered)
 n - 2 curare-tipped darts
Armour
 b - a +0 kite shield (worn)
Jewellery
 f - a +6 ring of strength (on tentacle)
 j - a ring of see invisible (left tentacle)
 k - a ring of poison resistance (right tentacle)
 o - a ring of flight (on tentacle)
Wands
 d - a wand of acid (9)
 y - a wand of disintegration (13)
Scrolls
 i - 3 scrolls of remove curse
 m - 2 scrolls of fog
 p - 4 scrolls of teleportation
 s - 3 scrolls of blinking
 u - a scroll of magic mapping
 w - a scroll of amnesia
Potions
 c - 3 potions of brilliance
 g - 4 potions of heal wounds
 h - 2 potions of lignification
 l - 2 potions of flight {unknown}
 q - a potion of attraction {unknown}
 r - a potion of magic {unknown}
 t - 3 potions of might
 v - 2 potions of cancellation {unknown}
 x - a potion of invisibility {unknown}


   Skills:
 - Level 3.0 Fighting
 * Level 7.4 Maces & Flails
 - Level 5.0 Dodging
 - Level 5.0 Stealth
 - Level 5.0 Shields
 + Level 3.7 Evocations


You had 7 spell levels left.
You didn't know any spells.
Your spell library was empty.

Dungeon Overview and Level Annotations

Branches:
Dungeon (7/15)             Temple (1/1) D:5           Sewer (visited)

Altars:
Ashenzari
Cheibriados
Dithmenos
Elyvilon
Fedhas
Gozag
Hepliaklqana
Kikubaaqudgha
Makhleb
Nemelex Xobeh
Okawaru
Qazlal
Ru
Sif Muna
Trog
Uskayaw
Wu Jian
Yredelemnul
Zin

Shops:
D:5 ?


Innate Abilities, Weirdness & Mutations

You cannot wear most types of armour.
You are very stealthy in the water. (Stealth+)
You are amphibious.
You can wear up to eight rings at the same time.
You can use your tentacles to constrict eight enemies at once.
Your skin changes colour to match your surroundings (Stealth+).
Your rubbery body absorbs attacks. (AC +1, EV +1)
You are frail. (-10% HP)
You expend magic power (3 MP) to strengthen your wands.


Message History

You block the orc warrior's attack.
You hit the orc warrior. You grab the orc warrior.
The orc warrior is lightly wounded.
You constrict the orc warrior, but do no damage.
The orc hits you.
The orc warrior hits you with a +0 hand axe.
That's the wrong kind of item! (Use * to select it.) Evoke which item? (* to show all) (? for menu, Esc to quit)
Okay, then.
Aiming: Corrosive Bolt
Press: ? - help, Shift-Dir - straight line, f - orc warrior
Aim: an orc warrior, wielding a +0 hand axe, wearing a +0 plate armour and quivering 6 boomerangs (lightly wounded, constricted by you, 0% to evade)
You feel a surge of power!
The bolt of acid hits the orc warrior!
The orc warrior is splashed with acid.
The acid corrodes the orc warrior!
The orc warrior is severely wounded.
You constrict the orc warrior. The orc hits you.
* * * LOW HITPOINT WARNING * * *
The orc warrior hits you with a +0 hand axe!!
You die...
Your body crumbles into a pile of gold.

### #.. #.# #.#
##.## ... ##.####
##+## #ooo..#
##...## #.@##.#
##.....# #..##.##
##.......
#....>.####....<...
#.........+........
#..#...####........
#..##..# ##.......
#......# ##.....#
#.....## ##...##
##.#### ##'##


You could see an orc warrior (corroded), an orc priest and an orc.

Vanquished Creatures
  Edmund (D:4)
  2 sky beasts
  An ice beast (D:5)
  A phantom (D:5)
  The ghost of ubername the Digger, an amateur GrEE of Vehumet (D:3)
  2 bullfrogs (D:6)
  A howler monkey (D:4)
  3 hounds
  A jelly (D:6)
  3 orc priests (D:6)
  4 orc wizards
  2 worker ants
  A hound skeleton (D:5)
  A worker ant zombie (D:5)
  Robin (D:2)
  4 gnolls (D:4)
  9 adders
  2 shadow imps
  2 white imps
  An ooze (D:2)
  6 worms
  5 leopard geckos
  10 orcs
  7 giant cockroaches
  16 goblins
  7 hobgoblins
  19 jackals
  A quokka (D:3)
  6 ball pythons
  11 bats
  12 frilled lizards
  A jackal skeleton (D:6)
  13 kobolds
  A quokka skeleton (D:4)
  6 rats
164 creatures vanquished.

Vanquished Creatures (others)
  An orc wizard (D:3)
  12 plants (Sewer)
13 creatures vanquished.

Grand Total: 177 creatures vanquished

Notes
Turn   | Place    | Note
-------+----------+-------------------------------------------
     0 | D:1      | Tirrikindir the Octopode Fighter began the quest for the
                  | Orb.
     0 | D:1      | Reached XP level 1. HP: 16/16 MP: 1/1
   311 | D:1      | Reached XP level 2. HP: 21/21 MP: 2/2
   705 | D:1      | Reached skill level 1 in Stealth
   909 | D:2      | Noticed Robin
   910 | D:2      | Reached XP level 3. HP: 25/26 MP: 3/3
   913 | D:2      | Found a shadowy altar of Dithmenos.
  1040 | D:2      | Killed Robin
  1051 | D:2      | Reached skill level 3 in Maces & Flails
  1347 | D:2      | Reached XP level 4. HP: 31/31 MP: 4/4
  2711 | D:2      | Reached XP level 5. HP: 34/36 MP: 5/5
  2987 | D:3      | Found a runed translucent gate.
  2989 | D:3      | Found a runed translucent gate.
  2989 | D:3      | Found a runed translucent gate.
  2990 | D:3      | Noticed ubername's ghost (amateur GrEE)
  3161 | D:3      | Reached skill level 4 in Maces & Flails
  3210 | D:3      | Reached XP level 6. HP: 42/42 MP: 6/6
  3999 | D:3      | Killed ubername's ghost
  4202 | D:4      | Noticed Edmund
  4214 | D:4      | Killed Edmund
  4215 | D:4      | Reached XP level 7. HP: 24/46 MP: 7/7
  4410 | D:4      | Found a bloodstained altar of Trog.
  4527 | D:4      | Reached skill level 5 in Maces & Flails
  5137 | D:4      | Gained mutation: You are frail. (-10% HP) [potion of
                  | mutation]
  5137 | D:4      | Gained mutation: You are clumsy. (Dex -2) [potion of
                  | mutation]
  5137 | D:4      | Gained mutation: You expend magic power (3 MP) to
                  | strengthen your wands. [potion of mutation]
  5137 | D:4      | Lost mutation: You are clumsy. (Dex -2) [potion of
                  | mutation]
  5421 | D:5      | Entered Level 5 of the Dungeon
  5529 | D:5      | Found Yvyh's Magic Scroll Shop.
  5557 | D:5      | Found a glowing drain.
  5580 | Sewer    | Entered a sewer
  5792 | Sewer    | Reached skill level 1 in Evocations
  6294 | D:5      | Found a staircase to the Ecumenical Temple.
  6303 | Temple   | Entered the Ecumenical Temple
  6323 | Temple   | Became a worshipper of Gozag Ym Sagoz the Greedy
  6526 | D:5      | Reached skill level 5 in Stealth
  6658 | D:5      | Reached XP level 8. HP: 44/46 MP: 8/8
  6700 | D:5      | Found a burning altar of Makhleb.
  6974 | D:6      | Reached skill level 5 in Shields
  6984 | D:6      | Reached skill level 6 in Maces & Flails
  6985 | D:6      | Reached skill level 5 in Dodging
  7718 | D:6      | Reached skill level 7 in Maces & Flails
  8976 | D:7      | Mangled by an orc warrior

Illustrated notes

Levels and vault maps discovered:
D:1:      minmay_arrival_shattered_statue, layout_basic
D:2:      minmay_wonky_spiral, layout_loops_corners, lemuel_round_altar,
          minmay_tripent, uniq_robin
D:3:      layout_loops_ring, gammafunk_ghost_split
D:4:      layout_gridville, general_overflow_altar, bh_walls_and_bars,
          uniq_edmund
D:5:      layout_cave_pools, nicolae_overflow_crystal_walls,
          minmay_temple_entry_water_ring, serial_shops, shop,
          cheibrodos_sewer_entry_bend, grunt_ministairs_8
D:6:      layout_layer_cave
D:7:      layout_loops_corners, serial_shops, kennysheep_mini, uniq_joseph
Temple:   lightli_temple_of_artemis

Skill      XL: |  1  2  3  4  5  6  7  8 |
---------------+-------------------------+-----
Stealth        | 1 2 3 4 5 |  5.0
Maces & Flails | 3 4 5 7 |  7.4
Shields        | 4 5 |  5.0
Dodging        | 4 5 |  5.0
Evocations     | 1 3 |  3.7
Fighting       | |  3.0

Action                   |  1- 3 |  4- 6 |  7- 9 || total
-------------------------+-------+-------+-------++-------
Melee: Flail             |    51 |   145 |   145 ||   341
       Constrict         |    12 |    36 |    45 ||    93
       Tentacles         |     5 |    27 |    39 ||    71
Throw: Boomerang         |       |    11 |    15 ||    26
Evoke: Wand              |       |       |     2 ||     2
  Use: Scroll            |     4 |     6 |     7 ||    17
       Potion            |       |     2 |     2 ||     4
 Stab: Sleeping          |     7 |    15 |    12 ||    34
       Distracted        |       |       |     1 ||     1
Armor: Skin              |     7 |    10 |     3 ||    20
Dodge: Dodged            |    22 |    45 |    45 ||   112
Block: Kite shield       |    22 |    54 |    71 ||   147
